 Dungeon Crawl Stone Soup version 0.15-a0-94-g674142f (webtiles) character file.

278 KaKa the Ruinous (level 5, 0/28 HPs)
             Began as a Kobold Conjurer on Apr 9, 2014.
             Killed from afar by an orc wizard (8 damage)
             ... with a puff of flame
             ... on Level 3 of the Dungeon.
             The game lasted 00:11:49 (3075 turns).

KaKa the Ruinous (Kobold Conjurer)                  Turns: 3075, Time: 00:11:49

HP   0/28        AC  9     Str  7      XL: 5   Next: 46%
MP   2/11        EV 12     Int 14      God:
Gold 138         SH  0     Dex 16      Spells:  2 memorised,  8 levels left

rFire  . . .     SeeInvis +     n - +2,+1 short sword (flame)
rCold  . . .     Clarity  .     f - +0 leather armour
rNeg   + . .     Conserve .     (no shield)
rPois  .         rCorr    .     t - +2 helmet
rElec  .         rRot     .     (no cloak)
SustAb . .       Spirit   .     d - +2 pair of gloves
rMut   .         Warding  +     (no boots)
Saprov + + .     Stasis   .     C - amulet of warding {unknown}
MR     .....                    (no ring)
                                A - ring of see invisible

@: not resistant to hostile enchantments, fairly stealthy
A: disease resistance, carnivore 3, saprovore 2
a: no special abilities


You were on level 3 of the Dungeon.
You were very full.

You visited 1 branch of the dungeon, and saw 3 of its levels.

You collected 138 gold pieces.

Inventory:

Hand weapons
 j - a +0,+0 spear
 n - a +2,+1 short sword of flaming (weapon)
Missiles
 e - 21 sling bullets
 l - 7 darts of flame (quivered)
Armour
 d - a +2 pair of gloves (worn)
 f - a +0 leather armour (worn)
 t - a +2 helmet (worn)
 y - a cursed +0 leather armour
Comestibles
 b - 2 meat rations
 g - 2 rotting chunks of orc flesh
Scrolls
 h - a scroll of remove curse
 i - a scroll of fear {unknown}
 m - a scroll of noise {unknown}
 v - a scroll of enchant weapon II {unknown}
 x - a scroll of random uselessness {unknown}
Jewellery
 u - an uncursed amulet of resist mutation
 A - a ring of see invisible (left hand)
 B - an uncursed amulet of resist corrosion {unknown}
 C - an amulet of warding (around neck) {unknown}
Potions
 a - 2 potions of restore abilities {unknown}
 k - 2 potions of paralysis {unknown}
 o - a potion of might {unknown}
 p - a potion of curing {unknown}
 q - 2 potions of magic {unknown}
 s - a potion of poison {unknown}
 w - a potion of brilliance {unknown}
 z - a potion of confusion {unknown}
Books
 c - a book of Conjurations

   Spells                             Type                      Level
   *Magic Dart                        Conjuration                  1
   *Searing Ray                       Conjuration                  2
   Dazzling Spray                     Conjuration/Hexes            3
   Fulminant Prism                    Conjuration/Hexes            4
   Iskenderun's Mystic Blast          Conjuration                  4
   Iskenderun's Battlesphere          Conjuration/Charms           5


   Skills:
 - Level 2.4 Dodging
 - Level 2.6 Stealth
 + Level 3.5 Spellcasting
 + Level 4.9 Conjurations


You had 8 spell levels left.
You knew the following spells:

 Your Spells              Type           Power        Failure   Level  Hunger
a - Magic Dart            Conj           ###.         2%          1    #......
b - Searing Ray           Conj           ###...       4%          2    ##.....


Dungeon Overview and Level Annotations

Branches:
Dungeon (3/15)

Altars:
Yredelemnul


Innate Abilities, Weirdness & Mutations

You recuperate from illness quickly.
You are small and have problems with some larger weapons.
You are carnivorous and can eat meat at any time.
You can eat rotten meat.


Message History

The orc wizard casts a spell.
You feel a wave of unholy energy pass over you.
The orc wizard barely misses you.
The searing ray hits the orc wizard.
You kill the orc wizard!
The orc wizard casts a spell at you. The magic dart hits you!
* * * LOW HITPOINT WARNING * * *
The orc wizard hits you but does no damage.
Casting: Searing Ray
Confirm with . or Enter, or press ? or * to list all spells.
Aiming: Searing Ray
Press: ? - help, Shift-Dir - straight line, f/p - orc wizard
Aim: an orc wizard, wielding a short sword and wearing a robe (lightly wounded, moving very quickly)
The searing ray hits the orc wizard.
The orc wizard is heavily wounded.
The orc wizard casts a spell at you. The puff of flame hits you!
One of your 2 scrolls labeled WOCUSHR GHOE catches fire!
You die...

.># #.#
#....)...>........
.<# #.#
#........(........
..# #.#
#.................
..# #.#
#.................
..#########.#
#.................
............#
#.................
............#
#.................
.........%..#
#o###....########.
............####@#
#(...# #.
.................#


#ffff# #. ...............).# #)#f## ## .............###.# ##)## # .......).....#
#.# )# # .............# #.# ## # .............# #.# # .............# #.# #
.............# #.# # You could see an orc wizard.

Vanquished Creatures
  An orc wizard (D:3)
  5 adders
  A worm (D:2)
  4 giant geckos
  An ooze (D:1)
  2 orcs (D:3)
  A ball python (D:1)
  8 bats
  6 giant cockroaches
  6 goblins
  8 hobgoblins
  7 kobolds
  A quokka (D:3)
  3 giant newts
  A jackal (D:2)
  5 rats
60 creatures vanquished.

Notes
Turn   | Place    | Note
--------------------------------------------------------------
     0 | D:1      | KaKa, the Kobold Conjurer, began the quest for the Orb.
     0 | D:1      | Reached XP level 1. HP: 10/10 MP: 3/3
   314 | D:1      | Reached XP level 2. HP: 15/15 MP: 4/4
   327 | D:1      | Reached skill level 4 in Conjurations
   373 | D:1      | Learned a level 2 spell: Searing Ray
   889 | D:2      | Reached XP level 3. HP: 15/19 MP: 6/6
  1339 | D:2      | Reached XP level 4. HP: 24/24 MP: 1/8
  2463 | D:3      | Reached XP level 5. HP: 28/28 MP: 11/11
  2594 | D:3      | Found a basalt altar of Yredelemnul.
  3075 | D:3      | Killed from afar by an orc wizard

Action                   |  1- 3 |  4- 6 || total
-------------------------+-------+-------++-------
Melee: Spear             |    19 |       ||    19
       Short sword       |    23 |    57 ||    80
Throw: Dart              |     9 |     3 ||    12
 Cast: Magic Dart        |    34 |    34 ||    68
       Searing Ray       |     2 |     6 ||     8
  Use: Scroll            |       |     4 ||     4
 Stab: Sleeping          |     1 |     3 ||     4
